 Dungeon Crawl Stone Soup version 0.28.0-53-g5a82cb258f (webtiles) character file.

Game seed: 4892510508513904492

72 H0rd4k the Charlatan (level 4, -2/33 HPs)
             Began as a Human Artificer on May 31, 2022.
             Slain by an orc
             ... wielding a +0 flail
              (6 damage)
             ... on level 3 of the Dungeon.
             The game lasted 00:02:20 (2767 turns).

H0rd4k the Charlatan (Human Artificer)              Turns: 2767, Time: 00:02:21

Health: -2/33      AC:  4    Str: 12    XL:     4   Next: 48%
Magic:  4/4        EV: 12    Int: 17    God:
Gold:   89         SH:  0    Dex: 13    Spells: 3/3 levels left

rFire   + . .      SeeInvis .   a - +0 club
rCold   . . .      Faith    .   (no shield)
rNeg    . . .      Spirit   .   o - +1 robe "Hut Qeywk" {rF+ Int+3}
rPois   .          Reflect  .   i - +0 helmet
rElec   .          Harm     .   (no cloak)
rCorr   .          Rampage  .   (no gloves)
Will    .....                   (no boots)
Stlth   ++........              (no amulet)
HPRegen 0.11/turn               h - ring of flight
MPRegen 0.09/turn               (no ring)

@: flying
A: no striking features
a: no special abilities


You were on level 3 of the Dungeon.
You visited 1 branch of the dungeon, and saw 3 of its levels.

You collected 89 gold pieces.

Inventory:

Hand Weapons
 a - a +0 club (weapon)
Missiles
 j - 3 curare-tipped darts
 m - 8 poisoned darts (quivered)
Armour
 b - a +0 leather armour
 i - a +0 helmet (worn)
 o - the +1 robe "Hut Qeywk" (worn) {rF+ Int+3}
   (You found it on level 2 of the Dungeon)

   Int:       It affects your intelligence (+3).
   rF:        It protects you from fire.
Jewellery
 h - a ring of flight (left hand)
 k - a ring of willpower
 q - an amulet of reflection
Wands
 c - a wand of flame (6)
 d - a wand of charming (13)
Scrolls
 f - 2 scrolls of identify {unknown}
 g - a scroll of teleportation {unknown}
Potions
 l - a potion of invisibility {unknown}
 n - a potion of attraction {unknown}
 p - a potion of ambrosia {unknown}
Miscellaneous
 e - a piece from Xom's chessboard (15/15)


   Skills:
 + Level 1.7 Fighting
 + Level 1.4 Maces & Flails
 + Level 0.4 Throwing
 - Level 2.2 Armour
 + Level 1.7 Dodging
 - Level 1.0 Stealth
 + Level 3.7 Evocations


You had 3 spell levels left.
You didn't know any spells.
Your spell library was empty.

Dungeon Overview and Level Annotations

Branches:
Dungeon (3/15)

Altars:
Trog

Shops:
D:2 *


Message History

The orc barely misses you.
Unknown command.
Aiming: Throw Flame
Press: ? - help, Shift-Dir - straight line, f/p - orc
Aim: an orc, wielding a +0 flail and wearing a +0 chain mail (79% to hit)
The puff of flame misses the orc.
The orc barely misses you.
Unknown command.
Aiming: Throw Flame
Press: ? - help, Shift-Dir - straight line, f/p - orc
Aim: an orc, wielding a +0 flail and wearing a +0 chain mail (79% to hit)
The puff of flame hits the orc but does no damage.
The orc hits you with a +0 flail!
* * * LOW HITPOINT WARNING * * *
Unknown command.
Aiming: Throw Flame
Press: ? - help, Shift-Dir - straight line, f/p - orc
Aim: an orc, wielding a +0 flail and wearing a +0 chain mail (79% to hit)
The puff of flame hits the orc.
The orc is heavily wounded.
The orc misses you.
Unknown command.
Aiming: Throw Flame
Press: ? - help, Shift-Dir - straight line, f/p - orc
Aim: an orc, wielding a +0 flail and wearing a +0 chain mail (heavily wounded, 79% to hit)
The puff of flame hits the orc but does no damage.
The orc is heavily wounded.
The orc barely misses you.
Aiming: Throw Flame
Press: ? - help, Shift-Dir - straight line, f/p - orc
Aim: an orc, wielding a +0 flail and wearing a +0 chain mail (heavily wounded, 79% to hit)
The puff of flame hits the orc.
The orc is severely wounded.
The orc misses you.
Aiming: Throw Flame
Press: ? - help, Shift-Dir - straight line, f/p - orc
Aim: an orc, wielding a +0 flail and wearing a +0 chain mail (heavily wounded, 79% to hit)
The puff of flame hits the orc.
The orc is severely wounded.
The orc hits you with a +0 flail.
You die...

#.####...#########
#...........#
#...#######.#######
##.#######.........
#.#####.........#####.##
#..(.....######## #...
####.##..# #### #
#..###### # #@...[..#
##o####.# ... .#.# .#.#
## # ##### .....


You could see an orc.

Vanquished Creatures
  3 gnolls (D:2)
  5 ball pythons (D:1)
  2 endoplasms (D:1)
  A giant cockroach (D:2)
  3 goblins
  5 hobgoblins
  3 quokkas
  2 bats (D:2)
  3 frilled lizards
  3 rats
30 creatures vanquished.

Vanquished Creatures (collateral kills)
  An adder (D:3)
  A bat (D:2)
  An endoplasm (D:3)
  A ball python (D:2)
4 creatures vanquished.

Grand Total: 34 creatures vanquished

Notes
Turn   | Place    | Note
-------+----------+-------------------------------------------
     0 | D:1      | H0rd4k the Human Artificer began the quest for the Orb.
     0 | D:1      | Reached XP level 1. HP: 15/15 MP: 1/1
   447 | D:1      | Reached XP level 2. HP: 20/21 MP: 2/2
  1409 | D:1      | Reached XP level 3. HP: 26/26 MP: 3/3
  1637 | D:2      | Reached skill level 1 in Maces & Flails
  1637 | D:2      | Reached XP level 4. HP: 12/32 MP: 4/4
  2197 | D:2      | Found Maxaxed's General Store.
  2229 | D:2      | Found a bloodstained altar of Trog.
  2338 | D:2      | Identified the +1 robe "Hut Qeywk" {rF+ Int+3}
  2359 | D:2      | Found a faded altar of an unknown god.
  2767 | D:3      | Slain by an orc

Illustrated notes

Levels and vault maps discovered:
D:1:      eino_arrival_druids_welcome, layout_loops_ring,
          ebering_dispersal_statue_hall
D:2:      layout_loops_ring, chequers_ecumenical_altar_grove, basic_altar,
          serial_shops, shop
D:3:      layout_loops_ring, uniq_jessica, uniq_grinder, uniq_crazy_yiuf_cottage

Skill      XL: |  1  2  3 |
---------------+----------+-----
Maces & Flails | 1 |  1.4
Fighting       | |  1.7
Throwing       | |  0.4
Armour         | |  2.2
Dodging        | |  1.7
Stealth        | |  1.0
Evocations     | |  3.7

Action                   |  1- 3 |  4- 6 || total
-------------------------+-------+-------++-------
Melee: Club              |    76 |    56 ||   132
Throw: Dart              |    12 |       ||    12
Evoke: Wand              |     2 |     9 ||    11
 Stab: Sleeping          |     3 |       ||     3
Armor: Leather armour    |    24 |    36 ||    60
       Robe              |       |     2 ||     2
Dodge: Dodged            |    58 |    59 ||   117
